 Dungeon Crawl Stone Soup version 0.28.0 (webtiles) character file.

Game seed: 16117945535968645719

10 croobank the Sneak (level 2, 0/14 HPs)
             Began as a Felid Delver on Feb 14, 2022.
             Was an Initiate of Hepliaklqana.
             Succumbed to an adder's poison
             ... on level 3 of the Dungeon.
             The game lasted 00:03:13 (180 turns).

croobank the Sneak (Felid Delver)                    Turns: 180, Time: 00:03:14

Health: 0/14       AC:  1    Str:  8    XL:     2   Next: 10%
Magic:  3/3        EV: 18    Int: 11    God:    Hepliaklqana [......]
Gold:   0          SH:  0    Dex: 17    Spells: 1/1 levels left
                                        Lives:  0   Deaths: 0

rFire   . . .      SeeInvis +     - Unarmed
rCold   . . .      Faith    .   (shield unavailable)
rNeg    . . .      Spirit   .   (armour unavailable)
rPois   .          Reflect  .   (helmet unavailable)
rElec   .          Harm     .   (cloak unavailable)
rCorr   .          Rampage  .   (gloves unavailable)
Will    .....                   (boots unavailable)
Stlth   ++++......              (no amulet)
HPRegen 0.04/turn               (no ring)
MPRegen 0.08/turn               (no ring)

@: lethally poisoned (0 -> -1), invisible, quick
A: very small, claws 1, fangs 3, see invisible, speed 1, shaggy fur 1, stealthy
paws, no weapons or thrown items, no armour, multi-lived
a: Renounce Religion


You were on level 3 of the Dungeon.
You worshipped Hepliaklqana.
Hepliaklqana was noncommittal.
You visited 1 branch of the dungeon, and saw 4 of its levels.

Inventory:

Wands
 e - a wand of digging (2)
Scrolls
 a - a scroll of fog


   Skills:
 + Level 3.1 Fighting
 + Level 3.0 Dodging
 + Level 6.7 Stealth
 + Level 2.2 Unarmed Combat


You had one spell level left.
You didn't know any spells.
Your spell library was empty.

Dungeon Overview and Level Annotations

Branches:
Dungeon (6/15)             Temple (0/1) D:6

Altars:
Hepliaklqana

Annotations:
D:4 Dowan, Duvessa


Innate Abilities, Weirdness & Mutations

You have sharp claws.
You have razor-sharp teeth.
You have supernaturally acute eyesight. (SInv)
You cover ground quickly. (Speed+)
You are covered in fur. (AC +1)
Your paws help you pounce on unaware monsters.
You are incapable of wielding weapons or throwing items.
You cannot wear armour.
You gain extra lives every three experience levels.


Message History

You miss the adder.
The adder is almost dead.
The adder barely misses you.
You closely miss the adder.
The adder is almost dead.
The adder misses you. The adder bites you.
You closely miss the adder.
The adder is almost dead.
The adder misses you.
You miss the adder.
The adder is almost dead.
The adder completely misses you.
You barely miss the adder.
The adder is almost dead.
The adder closely misses you. x2
You barely miss the adder.
The adder is almost dead.
The adder closely misses you.
You closely miss the adder.
The adder is almost dead.
The adder bites you.
You are lethally poisoned!
The adder poisons you!
You scratch the adder.
You kill the adder!
You feel sick.
Your Dodging skill increases to level 3!
You have reached level 2!
It was a potion of invisibility.
You fade into invisibility!
You feel sick.
* * * LOW HITPOINT WARNING * * *
You feel sick.
* * * LOW HITPOINT WARNING * * *
You feel sick.
* * * LOW HITPOINT WARNING * * *
You feel sick.
* * * LOW HITPOINT WARNING * * *
You feel sick.
You die...

#.#.# #..##.#....##
#.#.###..##.......###
#....................
###..###.######.#####
##.# #.. ...# #.# ###
###.# #.# ##+# #.#
##...## #@# ##.....##
#..# ##.......##
#...# #.........#
...... +.........'
#...####.........#
#..## #.......## #.##
##.....## ..#
###...### #.......#


There were no monsters in sight!

Vanquished Creatures
  An adder (D:3)
  A hobgoblin (D:4)
2 creatures vanquished.

Notes
Turn   | Place    | Note
-------+----------+-------------------------------------------
     0 | D:5      | croobank the Felid Delver began the quest for the Orb.
     0 | D:5      | Reached XP level 1. HP: 10/10 MP: 2/2
     2 | D:5      | Found a hazy altar of Hepliaklqana.
    10 | D:5      | Became a worshipper of Hepliaklqana the Forgotten
    25 | D:6      | Noticed a jelly
    43 | D:6      | Noticed a hound
    66 | D:5      | Noticed a jelly
    74 | D:4      | Noticed Duvessa
    74 | D:4      | Noticed Dowan
    78 | D:4      | Noticed a hound
   174 | D:3      | Reached XP level 2. HP: 6/14 MP: 3/3
   180 | D:3      | Succumbed to an adder's poison

Illustrated notes

Levels and vault maps discovered:
D:3:      layout_loops_corners
D:4:      layout_rooms, mainiacjoe_overflow_catch_the_wave, uniq_duvessa
D:5:      layout_loops_ring, nicolae_overflow_hidden_temple, lemuel_tele_altar,
          chequers_serial_rivers_micro_a, uniq_edmund
D:6:      layout_basic, temple_green, nicolae_ossuary_entry_ruins,
          lemuel_flamethrower_2, uniq_blork_the_orc, uniq_crazy_yiuf_cottage

Skill      XL: |  1 |
---------------+----+-----
Dodging        | 3 |  3.0
Fighting       | |  3.1
Stealth        | |  6.7
Unarmed Combat | |  2.2

Action                   || total
-------------------------++-------
Melee: Unarmed           ||    11
Evoke: Wand              ||     1
  Use: Scroll            ||     3
       Potion            ||     2
 Stab: Sleeping          ||     1
Dodge: Dodged            ||    10
